 Dungeon Crawl Stone Soup version 0.24-a0-416-g56ce5178b7 (webtiles) character file.

Game seed: 1183044266101372576

111 KristoblXynda the Slasher (level 4, 0/38 HPs)
             Began as a Draconian Gladiator on June 9, 2019.
             Slain by a gnoll
             ... wielding a +0 club
              (2 damage)
             ... on level 3 of the Dungeon.
             The game lasted 00:04:08 (1985 turns).

KristoblXynda the Slasher (Draconian Gladiator)     Turns: 1985, Time: 00:04:08

Health: 0/38       AC:  5    Str: 17    XL:     4   Next: 62%
Magic:  4/4        EV: 13    Int: 12    God:
Gold:   154        SH:  0    Dex: 12    Spells: 3/3 levels left

rFire    . . .     SeeInvis .   a - +0 long sword
rCold    . . .     Gourm    .   (no shield)
rNeg     . . .     Faith    .   (armour unavailable)
rPois    .         Spirit   .   b - +0 hat
rElec    .         Reflect  .   (no cloak)
rCorr    .         Harm     .   (no gloves)
MR       .....                  (no boots)
Stlth    +.........             (no amulet)
HPRegen  0.12/turn              j - +3 ring of intelligence
MPRegen  0.09/turn              (no ring)

@: no status effects
A: unfitting armour, cold-blooded, AC +5
a: no special abilities


You were on level 3 of the Dungeon.
You were not hungry.

You visited 1 branch of the dungeon, and saw 3 of its levels.

You collected 154 gold pieces.

Inventory:

Hand Weapons
 a - a +0 long sword (weapon)
Missiles
 c - 4 throwing nets (quivered)
Armour
 b - a +0 hat (worn)
Jewellery
 j - a +3 ring of intelligence (left hand)
Scrolls
 e - 2 scrolls of remove curse {unknown}
 g - a scroll of amnesia {unknown}
 i - 3 scrolls of identify {unknown}
 k - 2 scrolls of magic mapping {unknown}
 q - a scroll of noise {unknown}
 s - a scroll of teleportation {unknown}
Potions
 f - a potion of resistance {unknown}
 h - a potion of degeneration {unknown}
 l - a potion of lignification {unknown}
 n - a potion of curing {unknown}
 o - 2 potions of heal wounds {unknown}
 p - a potion of berserk rage {unknown}
 r - a potion of agility {unknown}
Comestibles
 d - 4 rations


   Skills:
 + Level 3.1 Fighting
 * Level 4.1 Long Blades
 + Level 2.5 Throwing
 + Level 3.2 Dodging


You had 3 spell levels left.
You didn't know any spells.
Your spell library was empty.

Dungeon Overview and Level Annotations

Branches:
Dungeon (3/15)

Altars:
Makhleb
Trog

Annotations:
D:3 3 runed translucent doors, Lanoc's ghost, weakling CeMo


Innate Abilities, Weirdness & Mutations

Your plain brown scales are hard. (AC +5)
You cannot fit into any form of body armour.
You are cold-blooded and may be slowed by cold attacks.


Message History

You kill the bat! 2 gnolls come into view.
The gnoll shouts!
You see here a bubbling sapphire potion.
The gnoll closely misses you.
The gnoll shouts!
You hit the gnoll.
The gnoll is heavily wounded.
You hit the gnoll.
The gnoll is severely wounded.
The gnoll barely misses you. The gnoll hits you with a +0 spear.
The gnoll barely misses you.
You barely miss the gnoll. The gnoll hits you with a +0 spear.
The gnoll hits you with a +0 flail.
You hit the gnoll but do no damage. The gnoll hits you with a +0 club!
The gnoll closely misses you. The gnoll hits you with a +0 flail!
The gnoll hits you from afar with a +0 spear!
* * * LOW HITPOINT WARNING * * *
The gnoll hits you with a +0 club.
You die...

### #..##.#### #...(....
..# #........# #........
#.###.###.##.# #........
#..##.....##.###........
##.##....###.#.#........
##..#....###............
....................>...
##....##.###.#.#!.......
#.#.##### #.#.#@g.....#
#.#.. #.#.#g###.###
#.##.# #.#.#g....# #.#
.. #.#.#.....# ##. #.#
#.#.......# # .#
###.....# # ##....# ..
....# #. ....#


You could see 3 gnolls.

Vanquished Creatures
  5 adders
  2 worms
  A dart slug (D:1)
  2 leopard geckos
  An orc (D:3)
  4 giant cockroaches
  10 hobgoblins
  5 jackals
  6 kobolds
  2 quokkas (D:2)
  5 bats
  3 frilled lizards (D:1)
  2 goblins
  3 rats
51 creatures vanquished.

Notes
Turn   | Place    | Note
-------+----------+-------------------------------------------
     0 | D:1      | KristoblXynda the Draconian Gladiator began the quest for
                  | the Orb.
     0 | D:1      | Reached XP level 1. HP: 17/17 MP: 1/1
    45 | D:1      | Reached XP level 2. HP: 24/25 MP: 2/2
   754 | D:2      | Reached XP level 3. HP: 25/30 MP: 3/3
  1143 | D:2      | Reached XP level 4. HP: 21/37 MP: 4/4
  1574 | D:2      | Found a bloodstained altar of Trog.
  1574 | D:2      | Found a burning altar of Makhleb.
  1689 | D:3      | Reached skill level 4 in Long Blades
  1826 | D:3      | Found a runed translucent gate.
  1835 | D:3      | Identified the +5 dagger "Impbane" {venom, +Blink rN+
                  | Stlth+}
  1836 | D:3      | Noticed a big kobold
  1839 | D:3      | Found a runed translucent gate.
  1858 | D:3      | Found a runed translucent gate.
  1859 | D:3      | Noticed Lanoc's ghost (weakling CeMo)
  1985 | D:3      | Slain by a gnoll

Levels and vault maps discovered:
D:1:      dpeg_arrival_simpleton_c, layout_basic
D:2:      layout_rooms, gammafunk_temple_overflow_wave
D:3:      layout_basic, nicolae_overflow_crystal_walls,
          gammafunk_ghost_nasty_kobolds

Skill      XL: |  1  2  3  4 |
---------------+-------------+-----
Throwing       | 2 |  2.5
Dodging        | 3 |  3.2
Long Blades    | 4 |  4.1
Fighting       | 3 |  3.1

Action                   |  1- 3 |  4- 6 || total
-------------------------+-------+-------++-------
Melee: Long sword        |    89 |    42 ||   131
       Tailslap          |    11 |     8 ||    19
 Stab: Sleeping          |     1 |     1 ||     2
  Eat: Chunk             |     1 |     3 ||     4
Armor: Skin              |    28 |    16 ||    44
Dodge: Dodged            |    84 |    39 ||   123
       Rpst.: Long sword |    31 |    10 ||    41

Table legend:
 A = Non-vault XP
 B = Vault XP
 C = Vault XP percentage of total XP
 D = Non-vault monster count
 E = Vault monster count
 F = Vault count percentage of total count
                 A         B        C        D         E       F
            +---------+---------+-------+---------+---------+-------
      Total |     159 |       0 |   0.0 |      51 |       0 |   0.0
            +---------+---------+-------+---------+---------+-------
        D:1 |      38 |       0 |   0.0 |      21 |       0 |   0.0
        D:2 |      77 |       0 |   0.0 |      21 |       0 |   0.0
        D:3 |      44 |       0 |   0.0 |       9 |       0 |   0.0
            +---------+---------+-------+---------+---------+-------
